 Dungeon Crawl Stone Soup version 0.31-a0-692-gf03d1854d5 (webtiles) character file.

Game seed: 18086452785214792221

1397 qw the Skirmisher (level 8, -8/50 HPs)
             Began as a Gargoyle Hunter on Sept 6, 2023.
             Was an Initiate of Okawaru.
             Mangled by a wight
             ... wielding a +3 great sword
              (12 damage)
             ... on level 7 of the Dungeon.
             The game lasted 00:02:29 (5198 turns).

qw the Skirmisher (Gargoyle Hunter)                 Turns: 5198, Time: 00:02:29

Health: -8/50      AC: 19    Str: 18      XL:     8   Next: 69%
Magic:  7/9        EV: 13    Int: 12 (13) God:    Okawaru [......]
Gold:   390        SH:  0    Dex: 14      Spells: 7/7 levels left

rFire   . . .        Y - +0 shortbow
rCold   + . .        (shield currently unavailable)
rNeg    + . .        j - +0 ring mail {rC+}
rPois   inf          a - +0 helmet
rElec   +            (no cloak)
rCorr   .            m - +1 pair of gloves {Str+3}
SInv    .            c - +2 pair of boots
Will    +....        (no amulet)
Stlth   +++          (no ring)
HPRegen 0.28/turn    (no ring)
MPRegen 0.11/turn

%: no passive effects
@: heroic, mesmerised
A: sickness immunity, AC +5, negative energy resistance 1, electricity
resistance, torment resistance 1, petrification resistance, clever 1,
deterioration 1, strong-willed 1
a: Renounce Religion


You were on level 7 of the Dungeon.
You worshipped Okawaru.
Okawaru was noncommittal.
You visited 2 branches of the dungeon, and saw 8 of its levels.

You collected 546 gold pieces.
You spent 156 gold pieces at shops.


Innate Abilities, Weirdness & Mutations

You are immune to sickness and miasma.
Your stone body is resilient. (AC +5)
You are immune to poison.
You resist negative energy. (rN+)
You are resistant to electric shocks. (rElec)
You are resistant to unholy torment.
You are immune to petrification.
Your mind is acute. (Int +4, Str/Dex -1)
Your body sometimes deteriorates upon taking damage.
You are strong-willed. (Will+)


   Skills:
 - Level 5.5(10.5) Fighting
 + Level 8.8(13.8) Ranged Weapons
 - Level 4.3(9.3) Armour
 - Level 1.5(6.5) Dodging
 - Level 1.1(6.1) Stealth
 - Level 2.5 Invocations


You had 7 spell levels left.
You didn't know any spells.
Your spell library was empty.

Inventory:

Hand Weapons
 Y - a +0 shortbow (weapon)
Armour
 a - a +0 helmet (worn)
 c - a +2 pair of boots (worn)
 j - a +0 ring mail of cold resistance (worn)
 m - a +1 pair of gloves of strength (worn)
Jewellery
 f - a ring of ice
Scrolls
 d - a scroll of identify
Potions
 b - a potion of degeneration {unknown}
 g - a potion of enlightenment
 i - a potion of curing
 k - 3 potions of mutation
 l - a potion of might
 o - a potion of brilliance {unknown}
 p - a potion of magic {unknown}

Dungeon Overview and Level Annotations

Branches:
Dungeon (7/15)             Temple (1/1) D:5

Altars:
Ashenzari
Cheibriados
Dithmenos
Elyvilon
Fedhas
Gozag
Hepliaklqana
Makhleb
Nemelex Xobeh
Okawaru
Qazlal
Sif Muna
Uskayaw
Vehumet
Wu Jian
Xom
Yredelemnul
Zin

Shops:
D:3 =!(:

Annotations:
D:4 1 runed translucent door, Crazy Yiuf
D:7 Maggie, Menkaure


Message History

5193 ||| Stepping ~*~*~tactically~*~*~ (retreating).
You feel like a meek peon again. Menkaure hits you. The wight misses you.
Enter note:
5194 |||
Found retreat position at -2,2 (floor) with 0 blocking monsters and 2 monsters attacking at destination at distance 3
5194 ||| Stepping ~*~*~tactically~*~*~ (retreating).
A wight comes into view. It is wielding a +3 dire flail.
Menkaure points at you and mumbles some strange words.
You resist with some effort. Maggie hits you but does no damage.
The wight barely misses you.
Enter note:
5195 |||
Found retreat position at -2,1 (wight; floor) with 0 blocking monsters and 3 monsters attacking at destination at distance 2
5195 ||| Stepping ~*~*~tactically~*~*~ (retreating).
Menkaure points at you and mumbles some strange words.
You resist with some effort.
The wight hits you with a +3 dire flail!
Enter note:
5196 |||
Found retreat position at -1,0 (wight; floor) with 0 blocking monsters and 3 monsters attacking at destination at distance 1
5196 ||| INVOKING Heroism.
You gain the combat prowess of a mighty hero.
You can no longer gain great but temporary skills.
Maggie barely misses you.
The wight hits you with a +3 great sword!
The wight hits you with a +3 dire flail.
Menkaure calls on the powers of darkness!
Maggie convulses!
Your body is wracked with pain!
5197 |||
Found retreat position at -1,0 (wight; floor) with 0 blocking monsters and 3 monsters attacking at destination at distance 1
5197 ||| DRINKING potion of heal wounds.
You feel much better.
Maggie mumbles some strange words.
Maggie attempts to bespell you!
You are mesmerised by Maggie!
The wight hits you with a +3 great sword!
Menkaure hits you! The wight misses you.
You shoot an arrow. The arrow barely misses Menkaure.
The arrow hits Maggie but does no damage.
Maggie is severely wounded.
Menkaure hits you but does no damage.
The wight hits you with a +3 great sword!
You die...

##.####.#.......#
#.....###.....## #
##)...## ##....#
###.>###)##..#
#....##
#.......####.##
#(.#).# .K.###..#
#..# ##.###.## ##.#
#..###..##...#..
##..###..##z.......#
#
#.......zz@M@.....##
##.
#..###...####.....#
...# ##.###...##
#.....#
....##..###.#.#
##.....#
#...#....~.~.#
>.##..#
#......~)~.~# ..#
##. ###.....#...#.#
..# #......##.~.#.#
##....###...#..


You could see Maggie (mesmerising), Menkaure (fast) and 3 wights.

Vanquished Creatures
  Grinder (D:4)
  Duvessa (D:6)
  2 water moccasins (D:5)
  2 phantoms
  2 kobold brigands
  2 scorpions
  Dowan (D:6)
  2 hounds
  A gnoll bouda (D:6)
  3 iguanas
  An orc wizard (D:6)
  8 gnolls
  5 adders
  A shadow imp (D:5)
  3 worms
  6 dart slugs
  16 orcs
  5 ball pythons
  4 endoplasms
  2 giant cockroaches
  11 goblins
  10 hobgoblins
  6 quokkas
  5 bats
  3 frilled lizards
  13 kobolds
  3 rats
119 creatures vanquished.

Notes
Turn   | Place    | Note
-------+----------+-------------------------------------------
     0 | D:1      | qw the Gargoyle Hunter began the quest for the Orb.
     0 | D:1      | Reached XP level 1. HP: 12/12 MP: 1/1
     0 | D:1      | 0 ||| qw: Version: 0.3-a-76-g4403597
     0 | D:1      | 0 ||| qw: Game counter: 141
     0 | D:1      | 0 ||| qw: Melee chars always use a shield: true
     0 | D:1      | 0 ||| qw: God list: Okawaru
     0 | D:1      | 0 ||| qw: Allow faded altars: false
     0 | D:1      | 0 ||| qw: Do Orc after clearing Dungeon:15 true
     0 | D:1      | 0 ||| qw: Do second Lair branch before Depths: true
     0 | D:1      | 0 ||| qw: Lair rune preference: random
     0 | D:1      | 0 ||| qw: Goals: Normal
     0 | D:1      | 0 ||| PLANNING D:1-11
   100 | D:1      | Reached XP level 2. HP: 17/17 MP: 2/2
   571 | D:1      | Reached XP level 3. HP: 16/21 MP: 3/3
   878 | D:1      | 878 ||| UPGRADING to +0 ring mail.
   888 | D:1      | 888 ||| DROPPING +0 leather armour.
   889 | D:1      | 889 ||| DROPPING scroll of butterflies.
   918 | D:2      | Found a faded altar of an unknown god.
  1020 | D:2      | Reached skill level 1 in Armour
  1134 | D:2      | Reached skill level 5 in Ranged Weapons
  1248 | D:2      | Found a hazy altar of Hepliaklqana.
  1718 | D:2      | 1718 ||| UPGRADING to +2 pair of boots.
  1723 | D:2      | 1723 ||| UPGRADING to +0 ring mail of cold resistance.
  1733 | D:2      | 1733 ||| DROPPING +0 ring mail.
  1734 | D:2      | 1734 ||| READING scroll labelled FUSOLU BUSUIPN.
  1735 | D:2      | 1735 ||| READING scroll labelled FAED SUREADANK.
  1736 | D:2      | 1736 ||| READING scroll labelled VOTYDE ZEMOER.
  1770 | D:3      | Found an ornate altar of the Wu Jian Council.
  1773 | D:3      | Found a blossoming altar of Fedhas.
  1865 | D:3      | 1865 ||| RETREATING.
  1865 | D:3      | Found a shimmering blue altar of Sif Muna.
  1866 | D:3      | 1866 ||| Stepping ~*~*~tactically~*~*~ (outnumbered).
  1876 | D:3      | Reached skill level 3 in Fighting
  1876 | D:3      | Reached XP level 4. HP: 9/28 MP: 4/4
  1883 | D:3      | HP: 7/28 [gnoll/+0 club (4)]
  2063 | D:3      | Found Zalohieh's Book Shop.
  2209 | D:3      | Found Gemuc's Distillery.
  2214 | D:3      | 2214 ||| BUYING 2 potions of heal wounds (120 gold).
  2214 | D:3      | Bought 2 potions of heal wounds for 120 gold pieces
  2214 | D:3      | 2214 ||| BUYING potion of curing (36 gold).
  2214 | D:3      | Bought a potion of curing for 36 gold pieces
  2214 | D:3      | 2214 ||| SHOPLISTING potion of heal wounds (60 gold, have
                  | 53).
  2301 | D:3      | Found Woru's Jewellery Shoppe.
  2310 | D:3      | 2310 ||| SHOPLISTING +6 ring of strength (504 gold, have
                  | 53).
  2310 | D:3      | 2310 ||| SHOPLISTING ring of fire (350 gold, have 53).
  2310 | D:3      | 2310 ||| SHOPLISTING ring of ice (350 gold, have 53).
  2310 | D:3      | 2310 ||| SHOPLISTING ring of protection from cold (350
                  | gold, have 53).
  2310 | D:3      | 2310 ||| SHOPLISTING ring of protection from fire (350
                  | gold, have 53).
  2310 | D:3      | 2310 ||| SHOPLISTING ring of willpower (350 gold, have 53).
  2471 | D:3      | Reached XP level 5. HP: 30/32 MP: 5/5
  2497 | D:3      | Found Memaf's Antique Weapon Boutique.
  2505 | D:3      | 2505 ||| SHOPLISTING longbow (169 gold, have 96).
  2505 | D:3      | 2505 ||| SHOPLISTING scorched arbalest (247 gold, have 96).
  2564 | D:3      | 2564 ||| UPGRADING to +0 helmet.
  2569 | D:3      | 2569 ||| UPGRADING to +1 pair of gloves of strength.
  2574 | D:3      | 2574 ||| READING scroll labelled BUL XEOXAU.
  2575 | D:3      | 2575 ||| READING scroll labelled QOT DYORYAN.
  2576 | D:3      | 2576 ||| READING scroll labelled HAESID HAFE.
  2581 | D:3      | 2581 ||| DRINKING 2 lumpy sapphire potions.
  2609 | D:4      | 2609 ||| STAIRDANCE
  2612 | D:3      | Reached skill level 6 in Ranged Weapons
  2623 | D:4      | Found a stormy altar of Qazlal.
  2626 | D:4      | Noticed a fire elemental
  2626 | D:4      | Noticed a water elemental
  2626 | D:4      | Noticed an air elemental
  2630 | D:4      | Noticed Grinder
  2632 | D:4      | Paralysed by Grinder for 5 turns
  2667 | D:4      | Killed Grinder
  2668 | D:4      | Reached XP level 6. HP: 26/37 MP: 6/6
  2977 | D:4      | Found a runed translucent door.
  2978 | D:4      | Noticed Crazy Yiuf
  3117 | D:4      | 3117 ||| DRINKING 2 grey potions.
  3117 | D:4      | Gained mutation: Your body sometimes deteriorates upon
                  | taking damage. [potion of mutation]
  3117 | D:4      | Gained mutation: Your mind is acute. (Int +4, Str/Dex -1)
                  | [potion of mutation]
  3117 | D:4      | Gained mutation: You are strong-willed. (Will+) [potion of
                  | mutation]
  3118 | D:4      | 3118 ||| READING 2 scrolls of identify.
  3118 | D:4      | 3118 ||| IDENTIFYING bubbling sapphire potion
  3119 | D:4      | 3119 ||| DROPPING potion of lignification.
  3150 | D:5      | Entered Level 5 of the Dungeon
  3235 | D:5      | Noticed a water moccasin
  3257 | D:5      | Killed a water moccasin
  3258 | D:5      | Reached XP level 7. HP: 30/44 MP: 7/7
  3354 | D:5      | Found a staircase to the Ecumenical Temple.
  3355 | D:5      | 3355 ||| PLANNING TEMPLE
  3355 | D:5      | 3355 ||| READING scroll labelled QONONU FUMAEGA.
  3363 | Temple   | Entered the Ecumenical Temple
  3364 | Temple   | 3364 ||| PLANNING OKAWARU WORSHIP
  3388 | Temple   | Became a worshipper of Warmaster Okawaru
  3389 | Temple   | 3389 ||| PLANNING D:1-11
  3583 | D:5      | Reached skill level 7 in Ranged Weapons
  3646 | D:5      | Found a sparkling altar of Nemelex Xobeh.
  3787 | D:5      | Reached * piety under Okawaru
  3970 | D:5      | 3970 ||| INVOKING Heroism.
  4110 | D:5      | 4110 ||| READING scroll labelled ONU LIFUONIOJA.
  4111 | D:5      | 4111 ||| READING scroll labelled SYCRAX QE MOHASIRI.
  4112 | D:5      | 4112 ||| READING 4 scrolls of identify.
  4112 | D:5      | 4112 ||| IDENTIFYING blue potion
  4113 | D:5      | 4113 ||| READING 3 scrolls of identify.
  4113 | D:5      | 4113 ||| IDENTIFYING lumpy white potion
  4114 | D:5      | 4114 ||| READING 2 scrolls of identify.
  4114 | D:5      | 4114 ||| IDENTIFYING ruby potion
  4115 | D:5      | 4115 ||| DROPPING potion of attraction.
  4116 | D:5      | 4116 ||| DROPPING potion of invisibility.
  4252 | D:6      | Found an opulent altar of Gozag.
  4265 | D:6      | Reached XP level 8. HP: 44/48 MP: 8/8
  4277 | D:6      | Reached skill level 1 in Invocations
  4367 | D:6      | 4367 ||| RETREATING.
  4369 | D:6      | 4369 ||| INVOKING Heroism.
  4372 | D:6      | 4372 ||| Stepping ~*~*~tactically~*~*~ (retreating).
  4372 | D:6      | Noticed Duvessa
  4373 | D:6      | 4373 ||| Stepping ~*~*~tactically~*~*~ (retreating).
  4374 | D:6      | 4374 ||| Stepping ~*~*~tactically~*~*~ (retreating).
  4375 | D:6      | 4375 ||| Stepping ~*~*~tactically~*~*~ (retreating).
  4376 | D:6      | 4376 ||| Stepping ~*~*~tactically~*~*~ (retreating).
  4385 | D:6      | 4385 ||| INVOKING Heroism.
  4390 | D:6      | Reached skill level 8 in Ranged Weapons
  4390 | D:6      | Identified the +3 mace of the Gibberer {heavy, rC+}
  4390 | D:6      | Noticed Dowan
  4414 | D:6      | Killed Duvessa
  4420 | D:6      | HP: 8/50 [Dowan/shard of ice (12)]
  4421 | D:6      | 4421 ||| DRINKING 2 potions of heal wounds.
  4431 | D:6      | Killed Dowan
  4432 | D:6      | 4432 ||| INVOKING Heroism.
  4659 | D:6      | Found a glowing silver altar of Zin.
  4695 | D:6      | Found a hazy altar of Hepliaklqana.
  4807 | D:6      | Found a basalt altar of Yredelemnul.
  4944 | D:6      | 4944 ||| DRINKING 2 metallic white potions.
  5049 | D:6      | 5049 ||| DROPPING potion of berserk rage.
  5120 | D:7      | 5120 ||| Stepping ~*~*~tactically~*~*~ (outnumbered).
  5121 | D:7      | 5121 ||| Stepping ~*~*~tactically~*~*~ (outnumbered).
  5176 | D:7      | Noticed Menkaure
  5177 | D:7      | 5177 ||| INVOKING Heroism.
  5187 | D:7      | Noticed Maggie
  5190 | D:7      | 5190 ||| Stepping ~*~*~tactically~*~*~ (retreating).
  5192 | D:7      | 5192 ||| Stepping ~*~*~tactically~*~*~ (retreating).
  5193 | D:7      | 5193 ||| Stepping ~*~*~tactically~*~*~ (retreating).
  5194 | D:7      | 5194 ||| Stepping ~*~*~tactically~*~*~ (retreating).
  5195 | D:7      | 5195 ||| Stepping ~*~*~tactically~*~*~ (retreating).
  5196 | D:7      | 5196 ||| INVOKING Heroism.
  5196 | D:7      | HP: 11/50 [wight/+3 dire flail (3)]
  5197 | D:7      | 5197 ||| DRINKING potion of heal wounds.
  5197 | D:7      | HP: 3/50 [Menkaure (15)]
  5198 | D:7      | Mangled by a wight

Levels and vault maps discovered:
D:1:      lightli_iron_boxes, layout_loops_corners
D:2:      cheibrodos_greedy_goblins, layout_basic, basic_altar,
          nicolae_ecumenical_pavilion
D:3:      layout_rooms, fedhas_altar_3, lemuel_round_altar,
          overflow_temple_1_default, serial_shops, nicolae_shop_hallway_stairs,
          nicolae_shop_statue_plus, shop, shop_statue,
          minmay_fractal_squares_gapless_5
D:4:      layout_cave_pools, nicolae_qazlal_style_of_elements, uniq_grinder,
          uniq_crazy_yiuf_cottage
D:5:      layout_basic, nicolae_overflow_crystal_walls,
          minmay_temple_entry_overgrown
D:6:      layout_rooms, old_standard_altar, mainiacjoe_overflow_24_doors,
          mainiacjoe_overflow_catch_the_wave, uniq_duvessa
D:7:      layout_layer_cave, nicolae_ru_path_of_blood, uniq_menkaure,
          uniq_jeremiah, uniq_maggie
Temple:   hellmonk_temple_beads

Skill      XL: |  1  2  3  4  5  6  7  8 |
---------------+-------------------------+-----
Armour         | 1 4 |  4.3
Ranged Weapons | 5 6 7 8 |  8.8
Fighting       | 3 4 5 |  5.5
Invocations    | 2 |  2.5
Dodging        | |  1.5
Stealth        | |  1.1

Action                     |  1- 3 |  4- 6 |  7- 9 || total
---------------------------+-------+-------+-------++-------
   Fire: Shortbow          |   143 |   164 |   320 ||   627
 Invoke: Heroism           |       |       |     6 ||     6
    Use: Scroll            |     3 |     4 |     6 ||    13
         Potion            |       |     2 |     3 ||     5
 Armour: Leather armour    |    15 |       |       ||    15
         Ring mail         |    33 |    63 |   199 ||   295
  Dodge: Dodged            |    24 |    61 |   166 ||   251

Table legend:
 A = Non-vault XP
 B = Vault XP
 C = Vault XP percentage of total XP
 D = Non-vault monster count
 E = Vault monster count
 F = Vault count percentage of total count
                 A         B        C        D         E       F
            +---------+---------+-------+---------+---------+-------
      Total |    1488 |     509 |  25.5 |     102 |      17 |  14.3
            +---------+---------+-------+---------+---------+-------
        D:1 |      35 |       0 |   0.0 |      17 |       0 |   0.0
        D:2 |      13 |      15 |  53.6 |       6 |       8 |  57.1
        D:3 |     135 |      22 |  14.0 |      21 |       6 |  22.2
        D:4 |      70 |     258 |  78.7 |      17 |       1 |   5.6
        D:5 |     577 |       0 |   0.0 |      16 |       0 |   0.0
        D:6 |     553 |     214 |  27.9 |      21 |       2 |   8.7
        D:7 |     105 |       0 |   0.0 |       4 |       0 |   0.0
            +---------+---------+-------+---------+---------+-------
